Unix xNetHack Version 8.0.0 - last build Mar 23 2024 02:42:02 (1964348d4f5f1cf1067ea9968e02252fcc83c468). Game began 2024-03-25 12:19:21, ended 2024-03-27 13:12:20. Catomat, neutral male human Wizard ----- --------- |<..--- ------.......-- ------- --------------- |.....---|.........--..| |.....| ------- |............@| --..|....|.---------|..| |.._..| #0>...(| --+---|--.----|| --.|-.....---- ---- |.....| ------ #-.....|--- |..|...|-.|.-..| --|.........|--- -.--- ---|--- |..+.|# -.-..|..---...|--|-.)--|..| ----.|....|..---....-- |.| |..|.. -0-|-.....-|--........--|| -----..|..........---- |..# |.%|.|-----......-..............).K| ------ |..|.............---.--# ---.)-..||...)....|..--------|--..-- |%...| --......---...........--.-- #|.|..||...{....|--|......%..|..-- |....| |...[.[..................-[-|.|..|--.......| |*.%!.[.%%|...| ---|-- -----[...-------...---......-|.|------....--| -----------...| ------.---...-|...-|..|..|-...|..---...|.--..|...|....|------ |.......-- |..|-.........-.---|..|..|--.....|-....|))).....---...-|.(((| |.------- |.%-...............-|---|-----..-|..........--....|-..~-.%(.| |.|...| -----.....{....----......)).....---...).[.)...|-...|...-|.(!!| |.|...| |..............-- --|--.--------|.........--..|........|------ |.--|-| ---- ||-----.........| |...|.|.%.!| --.......-----|...|....|--------.....|....| |...| --..------- |...|.-....| ---...--- --..|...--......|...{..-..-|| |...| ---- ------|....| ----- -----.....----........|~.|(| ----- ------ ------- --------------- Catomat the Thaumaturge St:25 Dx:12 Co:17 In:17 Wi:16 Ch:11 Neutral S:19366 Dlvl:5 $:0 HP:0(15) Pw:23(80) AC:-2 Xp:9/4719 T:16711 Latest messages: A Kop Sergeant suddenly appears! A Kop Sergeant suddenly appears! A Keystone Kop suddenly appears! You hear some noises in the distance. A Keystone Kop suddenly appears! Please move the cursor to an unknown object. (For instructions type a '?') Done. A Keystone Kop suddenly appears! In what direction? The magic missile hits the watchman! In what direction? You kill the watchman! You murderer! The magic missile hits it. You try to feel what is lying here on the floor. There are several objects here. Wait! There's something there you can't see! It misses! In what direction? The magic missile hits it. It misses! It hits you! In what direction? The magic missile hits you! Some missiles bounce off! Wizard is about to die. # Are you sure you want to pray? [yn] (n) You begin praying to Thoth. You finish your prayer. You feel that Thoth is displeased. In what direction? You kill it! In what direction? What do you want to remove? [yQT or ?*] You were wearing an uncursed wet towel {2}. You can see again. In what direction? You kill the Keystone Kop! The magic missile bounces! The Kop Kaptain throws a spear! You are hit by a spear. You die... Izchak comes and takes all your possessions. Do you want to see what you had when you died? [ynq] (y) Do you want to see your attributes? [ynq] (y) Do you want an account of creatures vanquished? [ynaq] (y) Do you want to see your conduct and achievements? [ynq] (y) Do you want to see the dungeon overview? [ynq] (y) Inventory: Inventory: 928/1000 weight (41/52 slots) Amulets Q - an uncursed glass amulet of guarding (being worn) {17} Weapons r - a blessed +0 dagger {10} U - a +8 dagger named Elegant Dagger {10} E - 5 +0 daggers {50} d - a +0 elven dagger (weapon in hand) {10} Armor H - a blessed +2 wooden orcish helm (being worn) {9} G - an uncursed +0 pair of gauntlets of power (being worn) {23} B - an uncursed +0 pair of mithril dwarvish boots (being worn) {24} C - an uncursed +0 cloak of magic resistance (being worn) {8} S - an uncursed +0 T-shirt with text "=^.^=" (being worn) {4} a - an uncursed +0 leather light armor (being worn) {113} Comestibles N - an uncursed food ration {20} Z - 2 uncursed food rations {40} P - an uncursed tripe ration {10} m - an uncursed lizard corpse {10} Scrolls c - an uncursed scroll of enchant armor {5} o - an uncursed scroll of identify {5} f - a cursed scroll of remove curse {5} X - an uncursed scroll of teleportation {5} Spellbooks R - a blessed spellbook of force bolt {35} n - an uncursed spellbook of force bolt {35} V - a cursed spellbook of haste self {45} l - an uncursed spellbook of light {35} W - an uncursed spellbook of light {35} Y - a blessed spellbook of magic missile {40} b - an uncursed spellbook of magic missile {40} g - an uncursed spellbook of remove curse {45} Potions j - an uncursed potion of oil {20} e - 6 potions of holy water {120} i - a potion of holy water {20} Rings y - an uncursed +1 ring of protection (on left hand) {3} M - an uncursed ring of shock resistance {3} q - an uncursed ring of teleportation {3} Wands z - a wand of sleep (0:4) {7} Tools s - a cursed magic lamp {20} w - an uncursed magic whistle {3} k - an uncursed skeleton key {3} p - 7 uncursed tallow candles {14} t - a cursed tallow candle {2} T - an uncursed wet towel {2} u - a blessed +0 unicorn horn {20} Catomat the Wizard's attributes: Background: You were a Thaumaturge, a level 9 male human Wizard. You were neutral, on a mission for Thoth who was opposed by Ptah (lawful) and Anhur (chaotic). You started out female. You were heterosexual. You were in the Gnomish Mines, on level 5. You entered the dungeon 16711 turns ago. You had 4719 experience points, 401 more were needed to attain level 10. Your score was 19366 before end-of-game adjustments. Basics: You had 0 out of 15 hit points. You had 23 out of 80 energy points (spell power). Your armor class was -2. Your wallet was empty. Autopickup was on for '$"?!=/' plus thrown. Final Characteristics: Your strength was 25 (base:3, peak:9, innate limit:18/100). Your dexterity was 12 (peak:14, limit:18). Your constitution was 17 (limit:18). Your intelligence was 17 (limit:18). Your wisdom was 16 (limit:18). Your charisma was 11 (limit:18). Final Status: You were not hungry. You were unencumbered. You were wielding a dagger. You were skilled in dagger. Final Attributes: You were piously aligned. You were magic-protected. You were sleep resistant. You were poison resistant. You could teleport. You had a small defense bonus (+3). You were protected. You were unlucky. You are dead. Miscellaneous: You encountered 1 bones level. Total elapsed playing time was 5 hours, 30 minutes and 50 seconds. Major events: Turn 1: Catomat the neutral female human Wizard entered the dungeon 747: entered the Gnomish Mines 750: attained the rank of Conjurer (level 3) 984: destroyed SamG's ghost, the former Conjurer 2213: attained the rank of Thaumaturge (level 6) 4733: reached Mine Town 8382: entered Sokoban 8827: completed 1st Sokoban level 9361: completed 2nd Sokoban level 9970: completed 3rd Sokoban level 11091: completed 4th Sokoban level 16675: stole 1180 zorkmids worth of merchandise from Izchak's lighting store 16711: killed by a spear Vanquished creatures: 2 giant mimics a black naga a warg a winter wolf 5 small mimics a xan a wood golem a gelatinous cube a gargoyle a tengu an ettin zombie a leather golem a watchman 2 giant beetles 3 quivering blobs 3 wolves 12 leprechauns an iron piercer 3 giant spiders an orc mummy a brown pudding 2 Green-elves a rust monster a gold golem a werewolf 3 lizards a dingo a jaguar 3 dwarf leaders a white unicorn 2 dust vortices a raven 2 plains centaurs 2 Woodland-elves a snake a ghost 2 apes 2 imps a bugbear a Mordor orc 3 rock piercers a rock mole a pony a fog cloud a yellow light 9 gnome leaders 2 gnomish wizards a Kop Lieutenant 2 gray oozes a straw golem 3 paper golems 3 giant ants a little dog 4 floating eyes a kitten 18 dwarves 2 homunculi a kobold shaman 2 hill orcs 2 rothes a giant bat 3 Kop Sergeants 2 dwarf zombies 3 iguanas 14 killer bees an acid blob 2 coyotes 2 gas spores 3 hobbits a large kobold 2 hobgoblins 3 giant rats 2 cave spiders 2 yellow molds 3 green molds 62 gnomes 8 Keystone Kops 2 garter snakes 6 geckos 2 foxes a kobold 6 goblins 2 sewer rats a grid bug 8 lichens 2 kobold zombies 9 newts 285 creatures vanquished. No species were genocided or became extinct. Voluntary challenges: You read items or engraved 26 times. You never genocided any monsters. You never polymorphed an object. You never changed form. You never touched an artifact. You used no wishes. You were celibate. You never generated conflict. You did not violate any of the special Sokoban rules. Achievements: You entered the Gnomish Mines. You attained the rank of Conjurer. You entered a shop. You attained the rank of Thaumaturge. You entered Minetown. You entered a temple. You entered Sokoban. Dungeon overview: The Dungeons of Doom: levels 1 to 10 Level 1: "vault, books in box" A sink. Level 2: A potion shop, some fountains. Stairs down to The Gnomish Mines. Level 3: "stash" A fountain, a sink. Level 4: An altar. Level 5: A fountain. Level 6: "co-uni" A potion shop. Level 7: Some sinks. Level 8: Many fountains. Oracle of Delphi. Level 9: Some fountains. Stairs up to Sokoban, level 8. Level 10: The Gnomish Mines: levels 3 to 10 Level 3: Level 4: "co-uni" Final resting place for SamG-Wiz-Elf-Mal-Cha, killed by a gnome. Level 5: "mag lamp" <- You were here. Many shops, a temple, many fountains. Final resting place for you, killed by a spear. Level 6: Level 7: Level 8: Level 9: Level 10: Sokoban: levels 8 up to 5 Level 5: Solved. Level 6: Solved. Level 7: Solved. Level 8: Solved. Game over: __________ / \ / REST \ / IN \ / PEACE \ / \ | Catomat | | 0 Au | | killed by a | | spear | | | | | | 2024 | *| * * * | * _________)/\\_//(\/(/\)/\//\/|_)_______ Goodbye Catomat the Wizard... You died in The Gnomish Mines on dungeon level 5 with 19366 points, and 0 pieces of gold, after 16711 moves. You were level 9 with a maximum of 15 hit points when you died.